 Dungeon Crawl Stone Soup version 0.30-a0-3-gc9032a9cac (webtiles) character file.

Game seed: 5168087990020702758

90 BritishOli the Trooper (level 4, 0/37 HPs)
             Began as a Demonspawn Fighter on Aug 20, 2022.
             Slain by Blork the orc
             ... wielding a +0 glaive
              (8 damage)
             ... on level 4 of the Dungeon.
             The game lasted 00:02:12 (3778 turns).

BritishOli the Trooper (Demonspawn Fighter)         Turns: 3778, Time: 00:02:14

Health: 0/37       AC:  8    Str: 19    XL:     4   Next: 32%
Magic:  4/4        EV:  9    Int:  9    God:
Gold:   159        SH:  4    Dex: 12    Spells: 3/3 levels left

rFire   . . .      SeeInvis .    a - +0 long sword
rCold   . . .      Faith    .    c - +0 buckler
rNeg    . . .      Spirit   .    b - +0 scale mail
rPois   .          Reflect  .    (no helmet)
rElec   .          Harm     .    (no cloak)
rCorr   .          Rampage  .    (no gloves)
Will    .....                    (no boots)
Stlth   ..........               (no amulet)
HPRegen 0.12/turn                (no ring)
MPRegen 0.09/turn                (no ring)

@: no status effects
A: molten scales 1
a: no special abilities


You were on level 4 of the Dungeon.
You visited 1 branch of the dungeon, and saw 4 of its levels.

You collected 159 gold pieces.

Inventory:

Hand Weapons
 a - a +0 long sword (weapon)
Armour
 b - a +0 scale mail (worn)
 c - a +0 buckler (worn)
Scrolls
 f - a scroll of fear {unknown}
 h - a scroll of fog {unknown}
 i - a scroll of enchant armour {unknown}
 n - 2 scrolls of teleportation {unknown}
 o - a scroll of noise {unknown}
 p - 2 scrolls of vulnerability {unknown}
Potions
 d - 2 potions of might
 e - a potion of degeneration {unknown}
 g - a potion of mutation {unknown}
 j - a potion of flight {unknown}
 k - a potion of magic {unknown}
 l - a potion of ambrosia {unknown}
 m - a potion of resistance {unknown}
 q - a potion of curing {unknown}


   Skills:
 + Level 3.6 Fighting
 + Level 2.5 Long Blades
 + Level 3.2 Armour
 + Level 3.3 Shields


You had 3 spell levels left.
You didn't know any spells.
Your spell library contained the following spells:

 Spells                   Type           Power      Damage    Failure   Level
 Apportation              Tloc           0%         N/A       85%         1
 Stone Arrow              Conj/Erth      0%         3d7       99%         3
 Animate Armour           Summ/Erth      0%         N/A       100%        4
 Alistair's Intoxication  Tmut/Pois      0%         N/A       100%        5
 Lehudib's Crystal Spear  Conj/Erth      0%         10d2      100%        8


Dungeon Overview and Level Annotations

Branches:
Dungeon (4/15)
 Temple: D:4-7

Altars:

Shops:
D:3 =

Annotations:
D:4 Blork the orc, Dowan, Duvessa


Innate Abilities, Weirdness & Mutations

You are partially covered in molten scales. (AC +2)


Message History

Blork the orc barely misses you.
You see here a hobgoblin corpse.
You barely miss Blork the orc. Blork the orc completely misses you.
You closely miss Blork the orc.
Blork the orc hits you with a +0 glaive!
You completely miss Blork the orc.
Blork the orc hits you with a +0 glaive!
You block Blork the orc's attack.
You are too injured to fight recklessly!
You are too injured to fight recklessly!
You are too injured to fight recklessly!
You are too injured to fight recklessly!
You are too injured to fight recklessly!
You are too injured to fight recklessly!
You are too injured to fight recklessly!
You are too injured to fight recklessly!
You hit Blork the orc.
Blork the orc is lightly wounded.
Blork the orc barely misses you.
You hit Blork the orc.
Blork the orc is moderately wounded.
Blork the orc miscasts a cantrip.
You completely miss Blork the orc.
Blork the orc is moderately wounded.
Blork the orc barely misses you.
Blork the orc begins to cast a cantrip, but forgets the words!
You closely miss Blork the orc.
Blork the orc is moderately wounded.
Blork the orc hits you with a +0 glaive!
* * * LOW HITPOINT WARNING * * *
You hit Blork the orc.
Blork the orc is heavily wounded.
Blork the orc looks braver for a moment.
You slash Blork the orc!
Blork the orc is severely wounded.
Blork the orc points at you and mumbles some strange words.
The magic dart hits you.
* * * LOW HITPOINT WARNING * * *
Blork the orc hits you with a +0 glaive!
You die...

##.##.###
..#.....###
#.#......# #
#......#.##.###
#.............#
# #..#.#.#.##.#
#.#..#........#
#.#..###..#####
#...[.@...#
#######..o^...#
#.<......####.#
#.#####)## ...#
#. #..........
#. .....#...###
.. #####.# .##
## .# #


You could see Blork the orc.

Vanquished Creatures
  2 adders
  3 worms (D:2)
  7 ball pythons
  5 bats
  10 endoplasms
  4 giant cockroaches
  5 goblins
  7 hobgoblins
  2 jackals (D:2)
  3 kobolds
  A quokka (D:2)
  3 frilled lizards
  6 rats
58 creatures vanquished.

Notes
Turn   | Place    | Note
-------+----------+-------------------------------------------
     0 | D:1      | BritishOli the Demonspawn Fighter began the quest for the
                  | Orb.
     0 | D:1      | Reached XP level 1. HP: 18/18 MP: 1/1
   233 | D:1      | Gained mutation: You are partially covered in molten
                  | scales. (AC +2) [demonic ancestry]
   233 | D:1      | Reached XP level 2. HP: 17/24 MP: 2/2
  1225 | D:2      | Reached XP level 3. HP: 25/29 MP: 3/3
  1346 | D:2      | Found a faded altar of an unknown god.
  2499 | D:3      | Reached XP level 4. HP: 35/35 MP: 4/4
  2922 | D:3      | Found Hiriliaf's Jewellery Emporium.
  3374 | D:4      | Noticed Duvessa
  3376 | D:4      | Noticed Dowan
  3760 | D:4      | Noticed Blork the orc
  3778 | D:4      | Slain by Blork the orc

Illustrated notes

Levels and vault maps discovered:
D:1:      dpeg_arrival_radiant, layout_loops_ring
D:2:      layout_basic, shapermc_ecumenical_altar_pompeii,
          lightli_corner_chamber
D:3:      layout_basic, serial_shops, shop
D:4:      layout_loops_ring, uniq_blork_the_orc, uniq_duvessa, uniq_eustachio

Skill      XL: |  1  2 |
---------------+-------+-----
Long Blades    | 2 |  2.5
Armour         | 3 |  3.2
Shields        | 3 |  3.3
Fighting       | |  3.6

Action                   |  1- 3 |  4- 6 || total
-------------------------+-------+-------++-------
Melee: Long sword        |   152 |    58 ||   210
Armor: Scale mail        |    79 |    21 ||   100
Dodge: Dodged            |    68 |    25 ||    93
Block: Buckler           |    40 |    10 ||    50

Table legend: (Time is in decaauts)
 A = Elapsed time spent in this place.
 B = Non-inter-level travel time spent in this place.
 C = Inter-level travel time spent in this place.
 D = Time resting spent in this place.
 E = Time spent auto-exploring this place.
 F = Levels seen in this place.
 G = Mean time per level.
                   A        B        C        D        E       F      G
               +--------+--------+--------+--------+--------+-----+--------+
         Total |   3846 |   3612 |    234 |    843 |   2285 |   4 |  961.5 |
       Dungeon |   3846 |   3612 |    234 |    843 |   2285 |   4 |  961.5 |
               +--------+--------+--------+--------+--------+-----+--------+

Top non-repeatable levels by time:
     D:2: 1315 daAuts
     D:3: 1262 daAuts
     D:1: 1216 daAuts
     D:4: 52 daAuts
